 Dungeon Crawl Stone Soup version 0.31-a0-152-g6aa68a64a1 (webtiles) character file.

Game seed: 2780587864255595694

1158 jlumianski the Ducker (level 8, -1/56 HPs)
             Began as a Djinni Fire Elementalist on June 10, 2023.
             Was a Believer of Makhleb.
             Slain by a killer bee (3 damage)
             ... on level 4 of the Dungeon.
             The game lasted 00:30:51 (5718 turns).

jlumianski the Ducker (Djinni Fire Elementalist)    Turns: 5718, Time: 00:30:51

Health: -1/56      AC:  2    Str: 19    XL:     8   Next: 66%
Gold:   193        EV: 14    Int: 19    God:    Makhleb [**....] SH:  0 Dex: 14

rFire   + + +        r - staff of fire
rCold   x . .        (no shield)
rNeg    . . .        a - +0 robe
rPois   ∞            (no helmet)
rElec   .            (no cloak)
rCorr   .            (no gloves)
SInv    .            (boots unavailable)
Will    .....        (no amulet)
Stlth   +++          d - +6 ring of strength
HPRegen 0.29/turn    l - +6 ring of strength
MPRegen 0.00/turn

%: infuse magic (-2 HP)
@: flying
A: sickness immunity, fire resistance 2, cold vulnerability 1, float, innate
caster, HP casting, extra vitality 1
a: Renounce Religion, Minor Destruction


You were on level 4 of the Dungeon.
You worshipped Makhleb.
Makhleb was pleased with you.
You visited 1 branch of the dungeon, and saw 6 of its levels.

You collected 193 gold pieces.

Inventory:

Hand Weapons
 c - a +0 dagger
 h - a +0 short sword
 y - a +2 dagger of holy wrath
Missiles
 j - 5 poisoned darts
Armour
 a - a +0 robe (worn)
Magical Staves
 r - a staff of fire (weapon)
 w - a staff of death
Jewellery
 d - a +6 ring of strength (left hand)
 l - a +6 ring of strength (right hand)
 s - a ring of positive energy
 A - a ring of fire
Scrolls
 b - 3 scrolls of teleportation
 e - 2 scrolls of vulnerability
 i - a scroll of immolation {unknown}
 k - a scroll of fog
 n - a scroll of torment {unknown}
 o - a scroll of blinking {unknown}
 p - a scroll of enchant weapon {unknown}
 z - a scroll of magic mapping {unknown}
Potions
 f - 2 potions of mutation
 g - a potion of berserk rage
 m - 2 potions of degeneration
 q - a potion of heal wounds
 t - a potion of cancellation
 u - a potion of lignification {unknown}
 v - a potion of attraction {unknown}
 x - a potion of ambrosia


   Skills:
 + Level 3.2 Fighting
 + Level 2.4 Short Blades
 + Level 2.0 Staves
 + Level 5.4 Dodging
 + Level 4.5 Stealth
 + Level 4.0 Spellcasting
 + Level 4.0 Conjurations
 + Level 4.0 Hexes
 + Level 4.0 Summonings
 + Level 4.0 Necromancy
 + Level 4.0 Translocations
 + Level 4.0 Transmutations
 + Level 4.0 Fire Magic
 + Level 4.0 Ice Magic
 + Level 4.0 Air Magic
 + Level 4.0 Earth Magic
 + Level 4.0 Poison Magic
 * Level 2.3 Invocations


You knew the following spells:

 Your Spells              Type           Power      Damage    Failure   Level
a - Foxfire               Conj/Fire      100%       2x1d9     2%          1
b - Scorch                Fire           56%        2d7       4%          2
c - Volatile Blastmotes   Fire/Tloc      56%        2d14      8%          3
d - Inner Flame           Hex/Fire       28%        N/A       8%          3
e - Flame Wave            Conj/Fire      28%        2d9       26%         4
f - Shock                 Conj/Air       76%        1d7       2%          1
g - Static Discharge      Conj/Air       38%        2-4/arc   4%          2
h - Wereblood             Tmut           19%        N/A       4%          2
Your spell library was empty.

Dungeon Overview and Level Annotations

Branches:
Dungeon (6/15)             Temple (0/1) D:4

Altars:
Makhleb

Shops:
D:3 (


Innate Abilities, Weirdness & Mutations

You are immune to sickness and miasma.
You are immune to poison.
Your flesh is very heat resistant. (rF++)
You are vulnerable to cold. (rC-)
You float through the air rather than walking.
You learn spells naturally, not from books.
Your magical power is your life essence.
You have superior vitality. (+4 MHP)


Message History

a +0 spear; a +0 flail; a killer bee corpse
There is a stone staircase leading down here.
You see here a +0 mace.
You start resting.
HP restored.
You fly downwards.
The killer bee closely misses you. The killer bee stings you!
The killer bee misses you. The killer bee barely misses you.
The killer bee stings you! The killer bee barely misses you.
The killer bee stings you.
There is a stone staircase leading up here.
The killer bee closely misses you. The killer bee completely misses you.
The killer bee stings you. x3; The killer bee closely misses you.
You fly upwards.
There is a stone staircase leading down here.
You see here a +0 mace.
Casting: Foxfire (safe; 2% risk of failure)
Confirm with . or Enter, or press ? or * to list all spells.
The killer bee is struck by an arc of lightning.
The killer bee is moderately wounded.
You are struck by an arc of lightning.
The killer bee is struck by an arc of lightning.
The killer bee is moderately wounded.
The lightning grounds out.
The killer bee closely misses you. The killer bee stings you!
* * * LOW HITPOINT WARNING * * *
The killer bee stings you.
* * * LOW HITPOINT WARNING * * *
The killer bee completely misses you.
Casting: Static Discharge (safe; 4% risk of failure)
Confirm with . or Enter, or press ? or * to list all spells.
You feel a surge of power!
Flames lash the killer bee.
The killer bee is severely wounded.
The killer bee's fire resistance burns away.
* * * LOW HITPOINT WARNING * * *
The killer bee stings you.
* * * LOW HITPOINT WARNING * * *
The killer bee stings you.
* * * LOW HITPOINT WARNING * * *
The killer bee barely misses you. The killer bee stings you.
You die...

........).....⌠...#
.....>##.........###########
##...###....⌠.>.⌠#.........#
#...# #.......§.#.........######
#...#######..⌠v§#...............
#.....# #...§.#..........#####
##.....# ###.###..<.......#....
.......######..###.[.....[..#.#..
.#.....#......[y@yy.........#.#.#
.##....#.....#####..........#.#.#
.##....#....................#.#.#
.......#......#####'####)##.#.#.#
.......#...)..#...#.# #.##.#....
.......#......#.#.#.# #.##.###.#
.....###.....##.#.#.####.##......
.....# #.....##........#.######.#
.....# ###..#####.#.##.#.##..^#.#


You could see 3 killer bees.

Vanquished Creatures
  Menkaure (D:4)
  2 black bears
  An ogre (D:4)
  3 wights
  2 killer bees (D:4)
  3 hounds
  2 jellies (D:4)
  An orc priest (D:2)
  A sleepcap (D:5)
  An iguana (D:5)
  2 orc wizards
  10 gnolls
  5 adders
  An ufetubus (D:4)
  5 worms
  A dart slug (D:1)
  10 orcs
  2 ball pythons
  7 bats
  8 endoplasms
  5 giant cockroaches
  4 goblins
  7 hobgoblins
  4 jackals (D:1)
  7 quokkas
  2 frilled lizards
  5 kobolds
  3 rats
105 creatures vanquished.

Vanquished Creatures (others)
  191 foxfires
191 creatures vanquished.

Grand Total: 296 creatures vanquished

Notes
Turn   | Place    | Note
-------+----------+-------------------------------------------
     0 | D:1      | jlumianski the Djinni Fire Elementalist began the quest for
                  | the Orb.
     0 | D:1      | jlumianski set off with the following spells memorised:
                  | Foxfire, Scorch, Volatile Blastmotes, Inner Flame, Flame
                  | Wave.
     0 | D:1      | Reached XP level 1. HP: 15/15 MP: 0/0
   200 | D:1      | Reached XP level 2. HP: 20/21 MP: 0/0
   534 | D:1      | Reached XP level 3. HP: 20/25 MP: 0/0
   534 | D:1      | Learned a level 1 spell: Shock
   542 | D:1      | Reached skill level 3 in Dodging
   953 | D:2      | Found a burning altar of Makhleb.
   963 | D:2      | Became a worshipper of Makhleb the Destroyer
  1052 | D:2      | Reached skill level 1 in Short Blades
  1335 | D:2      | Reached XP level 4. HP: 29/31 MP: 0/0
  1717 | D:2      | Reached skill level 1 in Fighting
  1822 | D:2      | Reached XP level 5. HP: 36/37 MP: 0/0
  1822 | D:2      | Learned a level 2 spell: Static Discharge
  2191 | D:2      | Reached * piety under Makhleb
  3114 | D:3      | Found Igredwy's Antique Weapon Emporium.
  3330 | D:5      | Entered Level 5 of the Dungeon
  3330 | D:5      | Noticed a black bear
  3336 | D:4      | Found a staircase to the Ecumenical Temple.
  3345 | D:4      | Killed a black bear
  3346 | D:4      | Reached XP level 6. HP: 8/43 MP: 0/0
  3595 | D:4      | Noticed Menkaure
  3733 | D:4      | Reached skill level 4 in Dodging
  3788 | D:4      | Reached XP level 7. HP: 43/49 MP: 0/0
  3788 | D:4      | Learned a level 2 spell: Wereblood
  4258 | D:5      | Reached XP level 8. HP: 54/55 MP: 0/0
  4267 | D:4      | Killed Menkaure
  4268 | D:4      | Reached skill level 1 in Staves
  4268 | D:4      | Reached skill level 5 in Dodging
  4949 | D:4      | Reached skill level 1 in Invocations
  5286 | D:5      | Reached ** piety under Makhleb
  5718 | D:4      | HP: 2/56 [killer bee (3)]
  5718 | D:4      | Slain by a killer bee

Illustrated notes

Levels and vault maps discovered:
D:1:      lightli_arrival_statuegarden, layout_basic
D:2:      layout_basic, basic_altar, minmay_worlds_worst_comb
D:3:      layout_loops_cross, serial_shops, nicolae_shop_advertising_works
          [nicolae_subvault_shop_adworks], minmay_bisected
D:4:      layout_basic, temple_fountains, due_unseen_surprise, uniq_menkaure
D:5:      layout_rooms, mainiacjoe_overflow_six_doors_small,
          kennysheep_small_square
D:6:      layout_loops_cross, okawaru_gym_becter, mainiacjoe_overflow_chevrons,
          ldierk_geyser

Skill      XL: |  1  2  3  4  5  6  7  8 |
---------------+-------------------------+-----
Spellcasting   | 4 |  4.0
Conjurations   | 4 |  4.0
Hexes          | 4 |  4.0
Summonings     | 4 |  4.0
Necromancy     | 4 |  4.0
Translocations | 4 |  4.0
Transmutations | 4 |  4.0
Fire Magic     | 4 |  4.0
Ice Magic      | 4 |  4.0
Air Magic      | 4 |  4.0
Earth Magic    | 4 |  4.0
Poison Magic   | 4 |  4.0
Stealth        | 2 3 4 |  4.5
Dodging        | 3 4 5 |  5.4
Short Blades   | 1 2 |  2.4
Fighting       | 1 2 3 |  3.2
Staves         | 2 |  2.0
Invocations    | 2 |  2.3

Action                     |  1- 3 |  4- 6 |  7- 9 || total
---------------------------+-------+-------+-------++-------
  Melee: Dagger            |     8 |       |       ||     8
         Short sword       |    35 |    38 |       ||    73
         Staff             |       |     2 |    19 ||    21
         Punch             |       |     1 |     1 ||     2
   Cast: Foxfire           |    31 |    53 |    33 ||   117
         Scorch            |     5 |    24 |    28 ||    57
         Shock             |     3 |     3 |     3 ||     9
         Volatile Blastmot |       |     1 |     4 ||     5
         Static Discharge  |       |     1 |     5 ||     6
    Use: Scroll            |     1 |     5 |     1 ||     7
         Potion            |       |     1 |     1 ||     2
   Stab: Sleeping          |     1 |     5 |       ||     6
 Armour: Robe              |    11 |    12 |    11 ||    34
  Dodge: Dodged            |    41 |    57 |    69 ||   167

Table legend: (Time is in decaauts)
 A = Elapsed time spent in this place.
 B = Non-inter-level travel time spent in this place.
 C = Inter-level travel time spent in this place.
 D = Time resting spent in this place.
 E = Time spent auto-exploring this place.
 F = Levels seen in this place.
 G = Mean time per level.
                   A        B        C        D        E       F      G
               +--------+--------+--------+--------+--------+-----+--------+
         Total |   5733 |   5625 |    108 |   1243 |   2666 |   6 |  955.5 |
       Dungeon |   5733 |   5625 |    108 |   1243 |   2666 |   6 |  955.5 |
               +--------+--------+--------+--------+--------+-----+--------+

Top non-repeatable levels by time:
     D:4: 1817 daAuts
     D:2: 1403 daAuts
     D:3: 1142 daAuts
     D:1: 934 daAuts
     D:5: 431 daAuts
     D:6: 3 daAuts
